 Dungeon Crawl Stone Soup version 0.28-a0-984-g3775c662fe (webtiles) character file.

Game seed: 2056851836489924855

6 fragbeetle the Ruffian (level 1, -6/16 HPs)
             Began as a Draconian Transmuter on Dec 3, 2021.
             Mangled by a kobold (17 damage)
             ... on level 1 of the Dungeon.
             The game lasted 00:02:22 (499 turns).

fragbeetle the Ruffian (Draconian Transmuter)        Turns: 499, Time: 00:02:23

Health: -6/16      AC:  4    Str: 12    XL:     1   Next: 75%
Magic:  2/3        EV: 12    Int: 13    God:
Gold:   56         SH:  0    Dex: 11    Spells: 3/4 levels left

rFire   . . .      SeeInvis .     - Unarmed
rCold   . . .      Faith    .   (no shield)
rNeg    . . .      Spirit   .   (armour unavailable)
rPois   .          Reflect  .   (helmet currently unavailable)
rElec   .          Harm     .   (no cloak)
rCorr   .          Rampage  .   (no gloves)
Will    .....                   (boots currently unavailable)
Stlth   +.........              (no amulet)
HPRegen 0.05/turn               (no ring)
MPRegen 0.08/turn               (no ring)

@: appendages (expiring)
A: horns 2, talons 2, AC +4, unfitting armour, cold-blooded
a: End Transformation


You were on level 1 of the Dungeon.
You had temporarily grown beastly horns and talons.
You visited 1 branch of the dungeon, and saw 2 of its levels.

You collected 56 gold pieces.

Inventory:

Hand Weapons
 b - a +2 short sword of protection
Scrolls
 a - 2 scrolls of identify {unknown}


   Skills:
 + Level 1.1 Fighting
 + Level 1.9 Dodging
 + Level 3.2 Unarmed Combat
 + Level 2.0 Spellcasting
 + Level 2.1 Transmutations


You had 3 spell levels left.
You knew the following spells:

 Your Spells              Type           Power      Damage    Failure   Level
a - Beastly Appendage     Tmut           12%        N/A       11%         1

Your spell library contained the following spells:

 Spells                   Type           Power      Damage    Failure   Level
 Wereblood                Tmut           6%         N/A       16%         2
 Spider Form              Tmut/Pois      4%         N/A       45%         3
 Ice Form                 Ice/Tmut       4%         N/A       86%         4
 Leda's Liquefaction      Hex/Erth       0%         N/A       94%         4
 Lee's Rapid Deconstruct  Erth           0%         3d5*      100%        5
 Statue Form              Tmut/Erth      2%         N/A       100%        6


Dungeon Overview and Level Annotations

Branches:
Dungeon (2/15)

Altars:


Innate Abilities, Weirdness & Mutations

You have temporarily grown beastly horns and talons.
Your plain brown scales are hard. (AC +4)
You cannot fit into any form of body armour.
You are cold-blooded and may be slowed by cold attacks.


Message History

Confirm with . or Enter, or press ? or * to list all spells.
You grow a pair of large bovine horns.
Your feet morph into talons.
Your transformation is almost over.
The bat barely misses you.
You barely miss the bat. The bat barely misses you. The bat closely misses you.
You closely miss the bat. You punch the bat.
The bat is severely wounded.
The bat hits you but does no damage. The bat hits you.
You barely miss the bat. You claw the bat.
You kill the bat!
You see here a bat corpse.
A ball python comes into view.
Your horns disappear.
Your talons disappear.
The helpless ball python fails to defend itself.
You hit the ball python.
You kill the ball python!
You see here a bat corpse.
Found a stone staircase leading down.
A hobgoblin comes into view.
The hobgoblin shouts!
Casting: Beastly Appendage (safe; 11% risk of failure)
Confirm with . or Enter, or press ? or * to list all spells.
You grow a pair of large bovine horns.
Your feet morph into talons.
Your transformation is almost over.
A kobold comes into view.
It is wielding a +1 whip of electrocution.
You barely miss the hobgoblin.
The kobold shouts!
Your headbutt misses the hobgoblin.
The hobgoblin hits you but does no damage.
You hit the hobgoblin. You headbutt the hobgoblin.
You kill the hobgoblin!
You hit the kobold but do no damage. Your kick misses the kobold.
The kobold hits you with a +1 whip of electrocution.
You barely miss the kobold. You claw the kobold.
The kobold is severely wounded.
The kobold hits you with a +1 whip of electrocution.
You are electrocuted!
Ouch! That really hurt!
You die...

### ########...
.........#
#.......#
###.......#
#.........# #
#.#.....K.#
#.##.#.....@.##...
#..................
####.###...#.....##
#.##............
#.###..>#.....##
#.# ##.##.....# #.#
#.# ##.### #.# #.#
.# ##.# #.# #


You could see a kobold.

Vanquished Creatures
  A goblin (D:1)
  A hobgoblin (D:1)
  2 ball pythons (D:1)
  A bat (D:1)
  A frilled lizard (D:1)
  A rat (D:1)
7 creatures vanquished.

Notes
Turn   | Place    | Note
-------+----------+-------------------------------------------
     0 | D:1      | fragbeetle the Draconian Transmuter began the quest for the
                  | Orb.
     0 | D:1      | Reached XP level 1. HP: 16/16 MP: 3/3
   499 | D:1      | Mangled by a kobold

Illustrated notes

Levels and vault maps discovered:
D:1:      dpeg_arrival_shelter, layout_loops_ring,
          ebering_ecumenical_altar_mist, minmay_misc_feat_enclosed
D:2:      layout_loops_corners

Action                   || total
-------------------------++-------
Melee: Unarmed           ||    16
       Kick              ||     3
       Headbutt          ||     1
       Punch             ||     1
 Cast: Beastly Appendage ||     6
 Stab: Sleeping          ||     1
Armor: Skin              ||     5
Dodge: Dodged            ||     9

Table legend: (Time is in decaauts)
 A = Elapsed time spent in this place.
 B = Non-inter-level travel time spent in this place.
 C = Inter-level travel time spent in this place.
 D = Time resting spent in this place.
 E = Time spent auto-exploring this place.
 F = Levels seen in this place.
 G = Mean time per level.
                   A        B        C        D        E       F      G
               +--------+--------+--------+--------+--------+-----+--------+
         Total |    499 |    499 |      0 |      0 |    277 |   2 |  249.5 |
       Dungeon |    499 |    499 |      0 |      0 |    277 |   2 |  249.5 |
               +--------+--------+--------+--------+--------+-----+--------+

Top non-repeatable levels by time:
     D:1: 495 daAuts
     D:2: 4 daAuts
